 Dungeon Crawl Stone Soup version 0.29-a0-982-gaed3a0c8d8 (webtiles) character file.

Game seed: 12368920145489728294

7 Sobieck the Sneak (level 2, 0/15 HPs)
             Began as a Vine Stalker Brigand on Aug 1, 2022.
             Succumbed to a goblin's poison
             ... on level 1 of the Dungeon.
             The game lasted 00:00:57 (220 turns).

Sobieck the Sneak (Vine Stalker Brigand)             Turns: 220, Time: 00:00:58

Health: 0/15       AC:  3    Str: 11 (13) XL:     2   Next: 4%
Magic:  3/3        EV: 11    Int: 10 (11) God:
Gold:   9          SH:  0    Dex: 14 (15) Spells: 1/1 levels left

rFire   . . .      SeeInvis .   a - +2 dagger {short}
rCold   . . .      Faith    .   (no shield)
rNeg    . . .      Spirit   +   b - +0 robe
rPois   .          Reflect  .   (no helmet)
rElec   .          Harm     .   c - +0 cloak
rCorr   .          Rampage  .   (no gloves)
Will    .....                   (no boots)
Stlth   +++.......              (no amulet)
HPRegen 0.05/turn               (no ring)
MPRegen 0.08/turn               (no ring)

@: lethally poisoned (0 -> -1), hasted, very quick
A: fangs 2, magic shield, antimagic bite, no potion heal 2
a: no special abilities


You were on level 1 of the Dungeon.
You visited 1 branch of the dungeon, and saw 1 of its levels.

You collected 9 gold pieces.


Innate Abilities, Weirdness & Mutations

You have extremely sharp teeth.
When hurt, damage is shared between your health and your magic reserves.
Your bite disrupts and absorbs the magic of your enemies.
Potions cannot restore your health.


   Skills:
 + Level 1.9 Fighting
 + Level 1.9 Short Blades
 + Level 1.9 Throwing
 + Level 1.0 Dodging
 + Level 4.9 Stealth


You had one spell level left.
You didn't know any spells.
Your spell library was empty.

Inventory:

Hand Weapons
 a - a +2 dagger (weapon) {short}
 k - a +0 dagger of venom {short}
   (You took it off a goblin on level 1 of the Dungeon)
Missiles
 d - 9 poisoned darts (quivered) {throwing}
 e - 3 curare-tipped darts {=fthrowing}
 j - 3 stones {throwing}
Armour
 b - a +0 robe (worn)
 c - a +0 cloak (worn)
 i - a +0 leather armour
   (You found it on level 1 of the Dungeon)

Dungeon Overview and Level Annotations

Branches:
Dungeon (1/15) Zot: 5776

Altars:

..## .....## #..#
.....##......... #...#
............:..
#.#...##.............##
#..#.##...............#
##.####...............#
#.# ##............:..##
#.###..........gg......
#..............@.....#
#≈≈≈.≈......$........#
##..≈................##
...†..≈≈..?...#.....##
##......#############
########


You could see 2 goblins.


Message History

You hear a splash.
Unknown command.
You enter the shallow water.
Moving in this stuff is going to be slow.
Things that are here:
a +0 club {mace}; a goblin corpse You now have 9 gold pieces.
f - a ruby potion Unknown command.
You enter the shallow water.
Moving in this stuff is going to be slow.
You enter the shallow water.
Moving in this stuff is going to be slow.
g - a green potion Unknown command.
h - a purple potion Unknown command.
A rat comes into view.
Danger!
The rat bites you but does no damage.
You barely miss the rat. You bite the rat. You drain its power.
The rat barely misses you.
You hit the rat.
You kill the rat!
No target in view!
i - a +0 leather armour An endoplasm comes into view.
Danger!
A giant cockroach comes into view.
The endoplasm quivers.
A quokka comes into view.
The endoplasm closely misses you.
You hit the endoplasm. You bite the endoplasm. You drain its power.
The endoplasm barely misses you.
You hit the endoplasm. Your bite misses the endoplasm.
The endoplasm barely misses you.
You hit the endoplasm. You bite the endoplasm.
You kill the endoplasm!
You barely miss the giant cockroach.
The giant cockroach bites you but does no damage.
You hit the giant cockroach.
The giant cockroach bites you but does no damage.
You barely miss the giant cockroach. The giant cockroach barely misses you.
Unknown command.
You hit the giant cockroach but do no damage.
You bite the giant cockroach, but do no damage.
The giant cockroach bites you.
You hit the giant cockroach.
You kill the giant cockroach!
The quokka closely misses you.
You hit the quokka. Your bite misses the quokka.
The quokka twitches its whiskers.
The quokka misses you.
You hit the quokka.
You kill the quokka!
Your Dodging skill increases to level 1!
You have reached level 2!
You enter the shallow water.
Moving in this stuff is going to be slow.
j - 3 stones {throwing} A goblin comes into view.
It is wielding a +0 dagger of venom.
Danger!
A goblin comes into view. It is wielding a +0 dagger.
A goblin comes into view. It is wielding a +0 club.
You see here 7 gold pieces.
The goblin shouts! x2
The goblin hits you with a +0 dagger of venom.
You are poisoned.
Unknown command.
You hit the goblin. You bite the goblin.
You kill the goblin!
You feel very sick.
You feel sick.
You see here a +0 dagger of venom {short}.
k - a +0 dagger of venom {short}
* * * LOW HITPOINT WARNING * * *
You feel sick.
You hit the goblin. Your bite misses the goblin.
* * * LOW HITPOINT WARNING * * *
You feel sick. The goblin hits you but does no damage.
Unknown command.
You closely miss the goblin. Your bite misses the goblin.
* * * LOW HITPOINT WARNING * * *
You feel sick. The goblin hits you but does no damage.
The goblin hits you with a +0 dagger.
* * * LOW HITPOINT WARNING * * *
It was a potion of degeneration.
There was something very wrong with that liquid.
You feel weakened.
You feel dopey.
You feel clumsy.
* * * LOW HITPOINT WARNING * * *
You feel sick. The goblin barely misses you. x2
It was a potion of magic.
Magic courses through your body.
* * * LOW HITPOINT WARNING * * *
You feel sick.
The goblin hits you but does no damage. x2
It was a potion of haste.
You feel yourself speed up.
* * * LOW HITPOINT WARNING * * *
You feel sick. The goblin closely misses you. The goblin misses you.
Unknown command.
You closely miss the goblin.
You die...

Skill      XL: |  1 |
---------------+----+-----
Dodging        | 1 |  1.0
Fighting       | |  1.9
Short Blades   | |  1.9
Throwing       | |  1.9
Stealth        | |  4.9

Action                   || total
-------------------------++-------
Melee: Dagger            ||    23
       Bite              ||     6
  Use: Potion            ||     3
Armor: Robe              ||     9
Dodge: Dodged            ||    20

Levels and vault maps discovered:
D:1:      dpeg_arrival_short_road, layout_rooms, serial_rivers,
          chequers_serial_rivers_micro_b, chequers_serial_rivers_micro_c,
          chequers_serial_rivers_large_a, chequers_serial_rivers_micro_c,
          chequers_serial_rivers_micro_a, chequers_serial_rivers_room_b

Notes
Turn   | Place    | Note
-------+----------+-------------------------------------------
     0 | D:1      | Sobieck the Vine Stalker Brigand began the quest for the
                  | Orb.
     0 | D:1      | Reached XP level 1. HP: 11/11 MP: 2/2
   196 | D:1      | Reached skill level 1 in Dodging
   196 | D:1      | Reached XP level 2. HP: 14/15 MP: 3/3
   217 | D:1      | HP: 3/15 [poisoned by a goblin]
   219 | D:1      | HP: 1/15 [poisoned by a goblin]
   220 | D:1      | Succumbed to a goblin's poison

Vanquished Creatures
  An endoplasm (D:1)
  A giant cockroach (D:1)
  A hobgoblin (D:1)
  A quokka (D:1)
  2 goblins (D:1)
  A rat (D:1)
7 creatures vanquished.

Table legend:
 A = Non-vault XP
 B = Vault XP
 C = Vault XP percentage of total XP
 D = Non-vault monster count
 E = Vault monster count
 F = Vault count percentage of total count
                 A         B        C        D         E       F
            +---------+---------+-------+---------+---------+-------
      Total |      11 |       0 |   0.0 |       7 |       0 |   0.0
            +---------+---------+-------+---------+---------+-------
        D:1 |      11 |       0 |   0.0 |       7 |       0 |   0.0
            +---------+---------+-------+---------+---------+-------

Illustrated notes

Table legend:
 A = Kills in this place as a percentage of kills in entire the game.
 B = Kills by you in this place as a percentage of kills by you in the entire game.
 C = Kills by friends in this place as a percentage of kills by friends in the entire game.
 D = Other kills in this place as a percentage of other kills in the entire game.
 E = Experience gained in this place as a percentage of experience gained in the entire game.
 F = Experience gained in this place divided by the number of levels of this place that you have seen.
                   A       B       C       D       E      F
               +-------+-------+-------+-------+-------+----------------------
         Total | 100.0 | 100.0 |   N/A |   N/A | 100.0 |  11.0
       Dungeon | 100.0 | 100.0 |   N/A |   N/A | 100.0 |  11.0
               +-------+-------+-------+-------+-------+----------------------

Table legend: (Time is in decaauts)
 A = Elapsed time spent in this place.
 B = Non-inter-level travel time spent in this place.
 C = Inter-level travel time spent in this place.
 D = Time resting spent in this place.
 E = Time spent auto-exploring this place.
 F = Levels seen in this place.
 G = Mean time per level.
                   A        B        C        D        E       F      G
               +--------+--------+--------+--------+--------+-----+--------+
         Total |    223 |    223 |      0 |      0 |    169 |   1 |  223.0 |
       Dungeon |    223 |    223 |      0 |      0 |    169 |   1 |  223.0 |
               +--------+--------+--------+--------+--------+-----+--------+

Top non-repeatable levels by time:
     D:1: 223 daAuts
